 Dungeon Crawl Stone Soup version 0.18-a0-1284-g43455fe (webtiles) character file.

7480 RedPan the Covert (level 10, -8/77 HPs)
             Began as a Vampire Enchanter on Feb 8, 2016.
             Was a Follower of Kikubaaqudgha.
             Mangled by a red ugly thing (23 damage)
             ... on level 10 of the Dungeon.
             The game lasted 00:39:46 (12281 turns).

RedPan the Covert (Vampire Enchanter)              Turns: 12281, Time: 00:39:46

Health: -8/77      AC:  0    Str:  7    XL:     10   Next: 94%
Magic:  10/19      EV: 26    Int: 22    God:    Kikubaaqudgha [*.....]
Gold:   344        SH:  4    Dex: 19    Spells: 3 memorised, 15 levels left

rFire  . . .     SeeInvis +     (weapon currently unavailable)
rCold  + . .     Gourm    .     (armour currently unavailable)
rNeg   + + .     Faith    .     (shield currently unavailable)
rPois  +         Spirit   .     (helmet currently unavailable)
rElec  .         Dismiss  .     (cloak currently unavailable)
rCorr  .         Reflect  +     (gloves currently unavailable)
SustAt .         Harm     .     (boots currently unavailable)
MR     +....                    t - +4 amulet of reflection
Stlth  +++++.....               (ring currently unavailable)
                                (ring currently unavailable)

@: bat-form, flying, regenerating slowly, very quick, somewhat resistant to
hostile enchantments, quite stealthy
A: fangs 3, see invisible, (unbreathing)
a: End Transformation, Receive Corpses, Renounce Religion


You were on level 10 of the Dungeon.
You worshipped Kikubaaqudgha.
Kikubaaqudgha was aware of your devotion.
You were thirsty.
You were in vampire-bat-form.
You visited 2 branches of the dungeon, and saw 12 of its levels.
You also visited: Sewer.

You collected 553 gold pieces.
You spent 209 gold pieces at shops.

Inventory:

Hand Weapons
 a - a +2 dagger (melded)
Armour
 b - a +2 robe
 n - a +0 pair of gloves (melded)
 q - a +0 cloak (melded)
 D - a +0 pair of boots (melded)
 F - a +1 robe of magic resistance
 J - the cursed +1 leather armour "Baungaot" (melded) {Str+4}
   (You found it on level 10 of the Dungeon)

   It affects your strength (+4).
   It has a curse placed upon it.
 L - a +2 robe of cold resistance
Magical Staves
 H - an uncursed staff of conjuration
Jewellery
 h - an uncursed ring of protection from fire
 l - a +2 ring of protection
 p - a +2 ring of evasion (melded)
 t - a +4 amulet of reflection (around neck)
 y - an uncursed ring of ice
 E - an uncursed ring of sustain attributes
 G - a +3 ring of intelligence
 I - a +6 ring of protection (melded)
 K - an uncursed ring of ice
Wands
 j - a wand of acid (6/15)
 u - a wand of confusion (33/48)
 B - a wand of flame (15/48)
 C - a wand of digging (7/24)
Scrolls
 e - 4 scrolls of remove curse
 i - 4 scrolls of teleportation
 o - 5 scrolls of identify
 v - a scroll of magic mapping
 w - 2 scrolls of fear
Potions
 d - 15 potions of blood
 g - 5 potions of flight
 k - a potion of haste
 m - 3 potions of curing
 s - 2 potions of brilliance
 x - a potion of resistance
 z - a potion of invisibility
 A - a potion of agility
 M - 2 potions of berserk rage
Books
 c - a book of Maledictions

   Spells                             Type                      Level
   a - Corona                         Hexes                        1
   b - Ensorcelled Hibernation        Hexes/Ice                    2
   c - Confuse                        Hexes                        3
   d - Tukima's Dance                 Hexes                        3
   e - Dazzling Spray                 Conjuration/Hexes            3
 f - a book of Death

   Spells                             Type                      Level
   a - Corpse Rot                     Necromancy                   2
   b - Sublimation of Blood           Necromancy                   2
   c - Agony                          Necromancy                   5
   d - Dispel Undead                  Necromancy                   5
   e - Excruciating Wounds            Charms/Necromancy            5
   f - Bolt of Draining               Conjuration/Necromancy       5
 r - Kikubaaqudgha's Volume of Unholy Secrets
   (Kikubaaqudgha gifted it to you on level 10 of the Dungeon)

   Spells                             Type                      Level
   a - Animate Skeleton               Necromancy                   1
   b - Corpse Rot                     Necromancy                   2
   c - Sublimation of Blood           Necromancy                   2
   d - Regeneration                   Charms/Necromancy            3
   e - Control Undead                 Necromancy                   4
Miscellaneous
 N - a sack of spiders


   Skills:
 - Level 6.6 Fighting
 - Level 9.2 Short Blades
 - Level 6.3 Dodging
 - Level 9.2 Stealth
 - Level 6.4 Spellcasting
 - Level 7.1 Hexes
 + Level 7.3 Necromancy


You had 15 spell levels left.
You knew the following spells:

 Your Spells              Type           Power        Failure   Level  Hunger
a - Corona                Hex            #####..      1%          1    None
b - Ensorcelled Hibernat  Hex/Ice        ###...       3%          2    None
c - Confuse               Hex            #####...     1%          3    #......


Dungeon Overview and Level Annotations

Branches:
Dungeon (11/15)            Temple (1/1) D:7
   Lair: D:8-11         Orc: D:9-12

Altars:
Ashenzari
Cheibriados
Dithmenos
Elyvilon
Fedhas
Gozag
Kikubaaqudgha
Makhleb
Nemelex Xobeh
Okawaru
Pakellas
Qazlal
Ru
Sif Muna
Trog
Vehumet
Xom
Yredelemnul
Zin
The Shining One

Shops:
D:7 !*   D:8 [

Annotations:
D:10 exclusion: cyclops
D:11 2 runed doors


Innate Abilities, Weirdness & Mutations

You heal slowly.
You have razor-sharp teeth.
You have supernaturally acute eyesight.
((You can survive without breathing.))


Message History

Casting: Ensorcelled Hibernation
Confirm with . or Enter, or press ? or * to list all spells.
Aiming: Ensorcelled Hibernation
Press: ? - help, Shift-Dir - straight line, f - red ugly thing
Aim: a red ugly thing (chance to defeat MR: 34%)
The red ugly thing easily resists.
The red ugly thing gores you!
You are engulfed in flames!!
* * * LOW HITPOINT WARNING * * *
You turn into a vampire bat.
Your +2 dagger melds into your body.
Your +0 cloak melds into your body.
Your +0 pair of gloves melds into your body.
Your +0 pair of boots melds into your body.
The cursed +1 leather armour "Baungaot" {Str+4} melds into your body.
Your +2 ring of evasion melds into your body.
Your +6 ring of protection melds into your body.
The red ugly thing gores you.
* * * LOW HITPOINT WARNING * * *
You are engulfed in flames!!
You die...
Kikubaaqudgha rasps: "You have failed me!
Welcome... oblivion!"

#.......####..#######..####..#
#.........)÷.......<..........
#.....†.......................
########..#########..#########
#..# #..# # #..# #..# #
########..#########..#########
#.............................
#...........ub..........[.)...
#######..#####..######[.####..
#..# #..# #..# #.. #..# #..#
#..# #..
#######..#####..######..####..
#.............................
#........)............<.......
######..#########..######..###
#..# #..# #.%#


You could see a red ugly thing.

Vanquished Creatures
  Fannar (D:10)
  A centaur warrior (D:11)
  The ghost of Squibie the Carver, a novice HuGl (D:8)
  A hill giant (D:10)
  The ghost of Gottschkopf the Shield-Bearer, a novice FoFi of Cheibriados (D:6)
  2 centaur zombies
  A spriggan (D:7)
  4 yaks (D:10)
  A wyvern (D:10)
  A water moccasin (D:5)
  An orc warrior (D:9)
  A sky beast (D:11)
  A necrophage (D:8)
  An ice beast (D:7)
  2 phantoms
  7 ogres
  3 centaurs
  2 big kobolds
  2 giant frogs
  A water moccasin zombie (D:9)
  5 scorpions
  5 crimson imps
  A hound (D:8)
  A jelly (D:7)
  2 orc priests
  Crazy Yiuf (D:5)
  A centaur skeleton (D:10)
  6 orc wizards
  2 giant frog skeletons
  6 worker ants
  6 iguanas
  A siren (Sewer)
  A merfolk avatar (Sewer)
  A hound skeleton (D:6)
  A worker ant zombie (D:5)
  3 gnolls (D:5)
  19 adders
  2 river rats (Sewer)
  5 shadow imps
  An ooze (D:5)
  An adder skeleton (D:4)
  A worm (D:6)
  7 giant geckos
  28 orcs
  16 giant cockroaches
  4 goblins
  8 hobgoblins
  8 jackals
  14 kobolds
  2 quokkas
  5 ball pythons
  4 bats
  A giant gecko skeleton (D:5)
  11 giant newts
  A quokka zombie (D:9)
  32 rats
248 creatures vanquished.

Notes
Turn   | Place    | Note
--------------------------------------------------------------
     0 | D:1      | RedPan the Vampire Enchanter began the quest for the Orb.
     0 | D:1      | Reached XP level 1. HP: 13/13 MP: 3/3
   115 | D:1      | Reached XP level 2. HP: 19/19 MP: 5/5
   125 | D:1      | Reached skill level 5 in Stealth
   358 | D:1      | Reached skill level 5 in Hexes
  1035 | D:2      | Learned a level 2 spell: Ensorcelled Hibernation
  1041 | D:2      | Reached XP level 3. HP: 21/24 MP: 6/6
  1053 | D:2      | Reached skill level 6 in Stealth
  1764 | D:2      | Reached XP level 4. HP: 27/30 MP: 7/7
  2399 | D:3      | Found a glowing drain.
  2410 | D:3      | Found a sparkling altar of Nemelex Xobeh.
  2473 | D:3      | Reached skill level 7 in Stealth
  2507 | Sewer    | Entered a sewer
  2619 | Sewer    | Reached XP level 5. HP: 35/35 MP: 3/8
  3366 | D:3      | Reached skill level 8 in Stealth
  3798 | D:3      | Found a glowing silver altar of Zin.
  4105 | D:4      | Found a basalt altar of Yredelemnul.
  4117 | D:4      | Reached XP level 6. HP: 41/41 MP: 0/9
  4297 | D:4      | Learned a level 3 spell: Confuse
  4527 | D:4      | Reached skill level 9 in Stealth
  4624 | D:4      | Found a blossoming altar of Fedhas.
  4670 | D:4      | Reached XP level 7. HP: 46/46 MP: 5/10
  5342 | D:4      | Found a deep blue altar of Sif Muna.
  5422 | D:5      | Entered Level 5 of the Dungeon
  6020 | D:5      | Reached skill level 5 in Short Blades
  6123 | D:5      | Reached XP level 8. HP: 24/52 MP: 4/14
  6420 | D:5      | Found a stormy altar of Qazlal.
  6476 | D:5      | Found a white marble altar of Elyvilon.
  6621 | D:5      | Found a burning altar of Makhleb.
  6622 | D:5      | Found a shimmering altar of Xom.
  6669 | D:5      | Noticed Crazy Yiuf
  6675 | D:5      | Killed Crazy Yiuf
  7041 | D:6      | Found a radiant altar of Vehumet.
  7137 | D:6      | Found a sacrificial altar of Ru.
  7183 | D:6      | Noticed Gottschkopf's ghost (novice FoFi)
  8314 | D:6      | Killed Gottschkopf's ghost
  8314 | D:6      | Reached XP level 9. HP: 57/57 MP: 12/15
  8451 | D:7      | Found a shattered altar of Ashenzari.
  8496 | D:7      | Reached skill level 1 in Fighting
  8589 | D:7      | Found Izeudyod's Distillery.
  8599 | D:7      | Bought a potion of invisibility for 88 gold pieces
  8599 | D:7      | Bought a potion of mutation for 27 gold pieces
  8599 | D:7      | Bought a potion of brilliance for 44 gold pieces
  8608 | D:7      | Found Miqil's Assorted Antiques.
  8617 | D:7      | Bought a scroll labeled CITOZO LEOSIP for 25 gold pieces
  8617 | D:7      | Bought a scroll labeled ATWOLOE LUMOA for 25 gold pieces
  8689 | D:7      | Found an iron altar of Okawaru.
  8801 | D:7      | Found a staircase to the Ecumenical Temple.
  8820 | Temple   | Entered the Ecumenical Temple
  8961 | Temple   | Became a worshipper of Kikubaaqudgha
  9413 | D:8      | Noticed Squibie's ghost (novice HuGl)
  9434 | D:8      | Killed Squibie's ghost
  9794 | D:8      | Reached skill level 1 in Necromancy
  9942 | D:8      | Found Heewn's Armour Shoppe.
  9962 | D:8      | Got a warped leather armour
  9974 | D:8      | Identified the cursed +0 leather armour of Pibocy {*Confuse +Blink rPois Str+5} (You found it on level 8 of the Dungeon)
 10215 | D:9      | Reached XP level 10. HP: 77/77 MP: 9/16
 10299 | D:9      | Found a snail-covered altar of Cheibriados.
 10861 | D:10     | Entered Level 10 of the Dungeon
 11007 | D:10     | Reached skill level 5 in Spellcasting
 11008 | D:10     | Noticed a cyclops
 11021 | D:10     | Reached * piety under Kikubaaqudgha
 11021 | D:10     | Received a gift from Kikubaaqudgha
 11022 | D:10     | Identified Kikubaaqudgha's Volume of Unholy Secrets (Kikubaaqudgha gifted it to you on level 10 of the Dungeon)
 11059 | D:10     | Got a citrine-encrusted leather armour
 11070 | D:10     | Identified the cursed +1 leather armour "Baungaot" {Str+4} (You found it on level 10 of the Dungeon)
 11222 | D:10     | Noticed Fannar
 11252 | D:10     | Killed Fannar
 11686 | D:10     | Noticed a hill giant
 11696 | D:10     | Killed a hill giant
 11696 | D:10     | Reached skill level 5 in Necromancy
 11808 | D:11     | Noticed a centaur warrior
 11809 | D:11     | Found a large runed door.
 11809 | D:11     | Found a large runed door.
 11810 | D:11     | Noticed a cyclops
 12252 | D:11     | Noticed a red ugly thing
 12273 | D:11     | Killed a centaur warrior
 12281 | D:10     | Mangled by a red ugly thing

Vault maps used:
D:1:      onia_arrival_larder, hex_large
D:3:      nemelex_deck, lemuel_doored_altar, first_bread, gup_sewer_entry_glass
D:4:      fedhas_altar_1, lemuel_blue_sif_altar, yredelemnul_altar_generic
D:5:      grunt_temple_overflow_champion_of_chaos, elyvilon_altar_3,
          lemuel_coloured_pillars_altar, st_stairs_1, uniq_crazy_yiuf_cottage
D:6:      overflow_temple_1_default, nicolae_ru_sacrificial_ziggurat
D:7:      old_standard_altar, okawaru_gym_becter,
          minmay_temple_entry_glassed_door, serial_shops, nicolae_shop_stone,
          nicolae_shop_overgrown_old_shop, the_bakery, nrook_pool_corridor
D:8:      serial_shops, nicolae_shop_stone, grunt_tough_drop
D:9:      kennysheep_mini
D:10:     uniq_fannar
D:11:     lair_0_dummy, jmf_multi_god_temple2
Temple:   hc_temple_tempest_star_small
Sewer:    sewer_sea

Action                   |  1- 3 |  4- 6 |  7- 9 | 10-12 || total
-------------------------+-------+-------+-------+-------++-------
Melee: Dagger            |   130 |   315 |   406 |   146 ||   997
 Cast: Ensorcelled Hiber |     1 |    25 |    38 |    30 ||    94
       Confuse           |       |       |    18 |     5 ||    23
 Abil: Bat Form          |       |       |     2 |     1 ||     3
       End Transformatio |       |       |     2 |       ||     2
  Use: Scroll            |       |     7 |     5 |     1 ||    13
       Potion            |       |     8 |     7 |     3 ||    18
 Stab: Sleeping          |    11 |    34 |    56 |    24 ||   125
       Confused          |       |       |    11 |     6 ||    17
       Distracted        |       |       |     1 |       ||     1
